 Dungeon Crawl Stone Soup version 0.31-a0-177-g4aa6249778 (webtiles) character file.

Game seed: 10820019352428929184

527 qw the Shooter (level 7, -1/64 HPs)
             Began as a Naga Hunter on June 18, 2023.
             Was an Initiate of Okawaru.
             Succumbed to a water moccasin's poison
             ... on level 6 of the Dungeon.
             The game lasted 00:01:25 (3589 turns).

qw the Shooter (Naga Hunter)                        Turns: 3589, Time: 00:01:25

Health: -1/64      AC:  6    Str: 14    XL:     7   Next: 23%
Magic:  7/7        EV: 10    Int:  9    God:    Okawaru [......]
Gold:   1345       SH:  0    Dex: 16    Spells: 6/6 levels left

rFire   . . .        Y - +0 shortbow
rCold   . . .        (shield currently unavailable)
rNeg    + . .        j - +1 robe of Courage {rN+}
rPois   +            d - +0 helmet
rElec   .            e - +0 cloak
rCorr   .            (no gloves)
SInv    +            (no barding)
Will    .....        (no amulet)
Stlth   ++           (no ring)
HPRegen 0.30/turn    (no ring)
MPRegen 0.10/turn

%: no passive effects
@: lethally poisoned (-1 -> -11), very slow
A: AC +2, large, see invisible, deformed body, poison resistance, slowness 2,
spit poison 1, naga tail 1
a: Spit Poison, Renounce Religion


You were on level 6 of the Dungeon.
You worshipped Okawaru.
Okawaru was noncommittal.
You visited 2 branches of the dungeon, and saw 7 of its levels.

You collected 1345 gold pieces.


Innate Abilities, Weirdness & Mutations

Your serpentine skin is tough. (AC +2)
You have supernaturally acute eyesight. (SInv)
Armour fits poorly on your strangely shaped body.
Your system is resistant to poisons. (rPois)
You cover ground very slowly.
You can spit poison.
You have a snake-like lower body.


   Skills:
 - Level 4.0 Fighting
 + Level 6.9 Ranged Weapons
 - Level 2.0 Dodging
 - Level 1.5 Stealth


You had 6 spell levels left.
You didn't know any spells.
Your spell library was empty.

Inventory:

Hand Weapons
 Y - a +0 shortbow (weapon)
Armour
 d - a +0 helmet (worn)
 e - a +0 cloak (worn)
 j - the +1 robe of Courage (worn) {rN+}
   (You took it off a hobgoblin on level 3 of the Dungeon)

   rN:        It protects you from negative energy.
Scrolls
 k - a scroll of identify
Potions
 a - a potion of berserk rage {unknown}
 b - a potion of lignification {unknown}
 f - a potion of degeneration {unknown}
 g - a potion of might {unknown}
 h - a potion of enlightenment {unknown}
 i - a potion of ambrosia {unknown}
 l - a potion of mutation {unknown}

Dungeon Overview and Level Annotations

Branches:
Dungeon (6/15)             Temple (1/1) D:5

Altars:
Dithmenos
Elyvilon
Fedhas
Gozag
Hepliaklqana
Makhleb
Nemelex Xobeh
Okawaru
Qazlal
Sif Muna
Uskayaw
Vehumet
Wu Jian
Xom
Yredelemnul
The Shining One

Shops:
D:4 =

Annotations:
D:1 1 runed translucent door
D:3 1 runed translucent door


Message History

The water moccasin closely misses you. The water moccasin barely misses you.
You shoot an arrow.
The arrow closely misses the water moccasin.
You feel very sick.
The water moccasin bites you but does no damage.
You shoot an arrow. The arrow hits the water moccasin.
The water moccasin is heavily wounded.
You feel sick. The water moccasin bites you.
The water moccasin closely misses you.
You shoot an arrow. The arrow misses the water moccasin.
You feel sick. The water moccasin closely misses you.
You shoot an arrow.
The arrow closely misses the water moccasin.
You feel sick. The water moccasin barely misses you.
The water moccasin bites you but does no damage.
You shoot an arrow.
The arrow barely misses the water moccasin.
You feel sick. The water moccasin bites you.
You shoot an arrow. The arrow hits the water moccasin.
The water moccasin is severely wounded.
You feel sick.
The water moccasin bites you but does no damage.
The water moccasin bites you.
3586 ||| READING scroll of teleportation.
As you read the scroll of teleportation, it crumbles to dust.
You feel strangely unstable.
You feel sick. The water moccasin bites you.
You are lethally poisoned!
The water moccasin poisons you!
You shoot an arrow. The arrow hits the water moccasin.
The water moccasin is almost dead.
You feel very sick.
The water moccasin bites you but does no damage. x2
You shoot an arrow. The arrow misses the water moccasin.
Your surroundings suddenly seem different.
You feel very sick.
Enter note:
Enter note:
There is a lethal amount of poison in your body!
You die...

#.########
............
######...##.# #####.
#..@.....##.# #.....
#.........##[###^....
#..........##.##..<...
#..........##.........
#.....?...............
#..........##.########
#..........#.<.# #
##........##.)........
#...######.


There were no monsters in sight!

Vanquished Creatures
  3 scorpions
  A howler monkey (D:5)
  An orc priest (D:5)
  A sleepcap (D:5)
  A human skeleton (D:3)
  An iguana (D:4)
  2 orc wizards
  5 adders
  A gnoll (D:2)
  4 dart slugs
  8 orcs
  2 bats
  11 endoplasms
  3 giant cockroaches
  6 goblins
  7 hobgoblins
  13 jackals
  5 quokkas
  7 ball pythons
  5 frilled lizards
  A jackal zombie (D:3)
  5 kobolds
  2 rats (D:1)
95 creatures vanquished.

Notes
Turn   | Place    | Note
-------+----------+-------------------------------------------
     0 | D:1      | qw the Naga Hunter began the quest for the Orb.
     0 | D:1      | Reached XP level 1. HP: 19/19 MP: 1/1
     0 | D:1      | 0 ||| qw: Version: 0.3-a-5-g6f28e65
     0 | D:1      | 0 ||| qw: Game counter: 522
     0 | D:1      | 0 ||| qw: Always use a shield: true
     0 | D:1      | 0 ||| qw: God list: Okawaru
     0 | D:1      | 0 ||| qw: Allow faded altars: false
     0 | D:1      | 0 ||| qw: Do Orc after D:15 true
     0 | D:1      | 0 ||| qw: Do second Lair branch before Depths: true
     0 | D:1      | 0 ||| qw: Lair rune preference: random
     0 | D:1      | 0 ||| qw: Plans: Normal
     0 | D:1      | 0 ||| PLANNING D:1-11
     1 | D:1      | Found a runed translucent door.
    26 | D:1      | 26 ||| INVOKING Spit Poison.
    31 | D:1      | 31 ||| INVOKING Spit Poison.
    58 | D:1      | Reached skill level 4 in Ranged Weapons
    58 | D:1      | Reached XP level 2. HP: 26/26 MP: 2/2
    70 | D:1      | 70 ||| INVOKING Spit Poison.
    75 | D:1      | 75 ||| INVOKING Spit Poison.
    78 | D:1      | 78 ||| INVOKING Spit Poison.
    79 | D:1      | 79 ||| INVOKING Spit Poison.
    83 | D:1      | 83 ||| INVOKING Spit Poison.
   105 | D:1      | 105 ||| INVOKING Spit Poison.
   116 | D:1      | 116 ||| INVOKING Spit Poison.
   120 | D:1      | 120 ||| INVOKING Spit Poison.
   137 | D:1      | You fall into a shaft and drop 1 floor!
   138 | D:2      | 138 ||| UPGRADING to +0 helmet.
   143 | D:2      | 143 ||| READING scroll labelled EFINLU UMAHO.
   144 | D:2      | 144 ||| DROPPING scroll of butterflies.
   150 | D:1      | 150 ||| INVOKING Spit Poison.
   153 | D:1      | Reached XP level 3. HP: 16/32 MP: 3/3
   240 | D:1      | 240 ||| INVOKING Spit Poison.
   247 | D:1      | 247 ||| INVOKING Spit Poison.
   251 | D:1      | 251 ||| INVOKING Spit Poison.
   257 | D:1      | 257 ||| INVOKING Spit Poison.
   264 | D:1      | 264 ||| INVOKING Spit Poison.
   357 | D:1      | 357 ||| INVOKING Spit Poison.
   364 | D:1      | 364 ||| INVOKING Spit Poison.
   373 | D:1      | 373 ||| INVOKING Spit Poison.
   376 | D:1      | 376 ||| INVOKING Spit Poison.
   385 | D:1      | 385 ||| INVOKING Spit Poison.
   441 | D:1      | 441 ||| INVOKING Spit Poison.
   463 | D:1      | 463 ||| INVOKING Spit Poison.
   564 | D:1      | 564 ||| INVOKING Spit Poison.
   663 | D:1      | 663 ||| READING scroll labelled ROHUAB TUOMESHRED.
   737 | D:2      | 737 ||| INVOKING Spit Poison.
   770 | D:2      | Found a faded altar of an unknown god.
   791 | D:2      | 791 ||| INVOKING Spit Poison.
   793 | D:2      | Reached skill level 5 in Ranged Weapons
   797 | D:2      | Reached XP level 4. HP: 39/39 MP: 4/4
  1001 | D:2      | 1001 ||| UPGRADING to +0 cloak.
  1006 | D:2      | 1006 ||| READING 3 scrolls labelled RACEOBRIBI.
  1007 | D:2      | 1007 ||| DROPPING 2 scrolls of blinking.
  1036 | D:3      | 1036 ||| INVOKING Spit Poison.
  1051 | D:3      | 1051 ||| INVOKING Spit Poison.
  1055 | D:3      | 1055 ||| INVOKING Spit Poison.
  1060 | D:3      | 1060 ||| INVOKING Spit Poison.
  1066 | D:3      | 1066 ||| INVOKING Spit Poison.
  1121 | D:3      | 1121 ||| INVOKING Spit Poison.
  1148 | D:3      | 1148 ||| INVOKING Spit Poison.
  1210 | D:3      | 1210 ||| INVOKING Spit Poison.
  1215 | D:3      | 1215 ||| INVOKING Spit Poison.
  1265 | D:3      | 1265 ||| INVOKING Spit Poison.
  1268 | D:3      | 1268 ||| INVOKING Spit Poison.
  1292 | D:3      | 1292 ||| INVOKING Spit Poison.
  1303 | D:3      | Reached skill level 3 in Fighting
  1304 | D:3      | Identified the +1 robe of Courage {rN+}
  1330 | D:3      | Found a runed translucent door.
  1330 | D:3      | Noticed a human
  1332 | D:3      | 1332 ||| UPGRADING to +1 robe of Courage {rN+}.
  1342 | D:3      | 1342 ||| INVOKING Spit Poison.
  1359 | D:3      | Reached XP level 5. HP: 43/49 MP: 5/5
  1380 | D:3      | 1380 ||| DROPPING +0 leather armour.
  1385 | D:3      | Found a basalt altar of Yredelemnul.
  1501 | D:3      | 1501 ||| INVOKING Spit Poison.
  1738 | D:4      | 1738 ||| INVOKING Spit Poison.
  1753 | D:4      | 1753 ||| INVOKING Spit Poison.
  1848 | D:4      | 1848 ||| INVOKING Spit Poison.
  1928 | D:4      | 1928 ||| INVOKING Spit Poison.
  1931 | D:4      | 1931 ||| INVOKING Spit Poison.
  1942 | D:4      | 1942 ||| INVOKING Spit Poison.
  1949 | D:4      | 1949 ||| INVOKING Spit Poison.
  1993 | D:4      | 1993 ||| INVOKING Spit Poison.
  1997 | D:4      | 1997 ||| INVOKING Spit Poison.
  2002 | D:4      | Found Vankoaju's Jewellery Boutique.
  2010 | D:4      | 2010 ||| SHOPLISTING +6 ring of dexterity (504 gold, have
                  | 303).
  2010 | D:4      | 2010 ||| SHOPLISTING amulet "Vitowin" {Harm Drain +Blink
                  | Regen+ Stlth+} (576 gold, have 303).
  2010 | D:4      | 2010 ||| SHOPLISTING ring "Kaymunn" {Ice Fly rElec Will-
                  | Str-4} (399 gold, have 303).
  2010 | D:4      | 2010 ||| SHOPLISTING ring of ice (350 gold, have 303).
  2010 | D:4      | 2010 ||| SHOPLISTING ring of protection from cold (350
                  | gold, have 303).
  2010 | D:4      | 2010 ||| SHOPLISTING ring of willpower (350 gold, have
                  | 303).
  2040 | D:4      | 2040 ||| INVOKING Spit Poison.
  2046 | D:4      | 2046 ||| INVOKING Spit Poison.
  2047 | D:4      | 2047 ||| INVOKING Spit Poison.
  2049 | D:4      | Reached skill level 6 in Ranged Weapons
  2050 | D:4      | Reached XP level 6. HP: 54/56 MP: 6/6
  2078 | D:4      | 2078 ||| INVOKING Spit Poison.
  2082 | D:4      | 2082 ||| INVOKING Spit Poison.
  2106 | D:4      | 2106 ||| INVOKING Spit Poison.
  2111 | D:4      | 2111 ||| INVOKING Spit Poison.
  2124 | D:4      | Found a glowing golden altar of the Shining One.
  2158 | D:4      | 2158 ||| INVOKING Spit Poison.
  2161 | D:4      | 2161 ||| INVOKING Spit Poison.
  2437 | D:4      | 2437 ||| INVOKING Spit Poison.
  2453 | D:4      | Found a burning altar of Makhleb.
  2556 | D:4      | 2556 ||| DROPPING ring of flight.
  2557 | D:4      | 2557 ||| READING scroll labelled QIAVEKHOWN.
  2561 | D:4      | 2561 ||| READING 2 scrolls labelled FUICLO NOMEICH.
  2562 | D:4      | 2562 ||| READING scroll labelled EGGEANN KUTUDE.
  2563 | D:4      | 2563 ||| DROPPING scroll of poison.
  2580 | D:5      | Entered Level 5 of the Dungeon
  2581 | D:5      | 2581 ||| INVOKING Spit Poison.
  2613 | D:5      | 2613 ||| INVOKING Spit Poison.
  2617 | D:5      | 2617 ||| INVOKING Spit Poison.
  2623 | D:5      | 2623 ||| INVOKING Spit Poison.
  2626 | D:5      | 2626 ||| INVOKING Spit Poison.
  2635 | D:5      | 2635 ||| INVOKING Spit Poison.
  2650 | D:5      | Found a staircase to the Ecumenical Temple.
  2651 | D:5      | 2651 ||| PLANNING TEMPLE
  2655 | Temple   | Entered the Ecumenical Temple
  2719 | Temple   | 2719 ||| PLANNING OKAWARU WORSHIP
  2847 | Temple   | Became a worshipper of Warmaster Okawaru
  2848 | Temple   | 2848 ||| PLANNING D:1-11
  2874 | D:5      | 2874 ||| INVOKING Spit Poison.
  2879 | D:5      | 2879 ||| INVOKING Spit Poison.
  2897 | D:5      | 2897 ||| INVOKING Spit Poison.
  2901 | D:5      | 2901 ||| INVOKING Spit Poison.
  2902 | D:5      | Reached XP level 7. HP: 64/64 MP: 7/7
  3021 | D:5      | 3021 ||| INVOKING Spit Poison.
  3183 | D:5      | 3183 ||| INVOKING Spit Poison.
  3387 | D:5      | 3387 ||| READING scroll labelled KEPUUW DYOGO.
  3488 | D:5      | 3488 ||| READING scroll labelled ZAUBENUJ VIUN.
  3488 | D:5      | Identified a scroll of acquirement
  3488 | D:5      | 3488 ||| ACQUIRING 989 gold pieces
  3488 | D:5      | Acquired 989 gold pieces
  3490 | D:5      | 3490 ||| READING scroll labelled VATUGH DAEBAWN.
  3515 | D:5      | 3515 ||| INVOKING Spit Poison.
  3525 | D:6      | 3525 ||| PLANNING SEWER
  3562 | D:6      | Found a stormy altar of Qazlal.
  3566 | D:6      | Found the +7 mace of Variability {chaos, chaos arc}
  3585 | D:6      | HP: 14/64 [water moccasin (4)]
  3586 | D:6      | 3586 ||| READING scroll of teleportation.
  3587 | D:6      | HP: 4/64 [poisoned by a water moccasin]
  3588 | D:6      | HP: 1/64 [poisoned by a water moccasin]
  3589 | D:6      | Succumbed to a water moccasin's poison

Levels and vault maps discovered:
D:1:      dpeg_arrival_caged_fury, layout_basic
D:2:      layout_rooms, dreamdust_ecumenical_altar_statues,
          minmay_crystal_water, kennysheep_generic_room_9
D:3:      layout_rooms, dk_yredelemnul_ordeal, chequers_serial_rivers_small_3,
          chequers_jeans, glass_columns_a
D:4:      layout_loops_ring, mainiacjoe_overflow_alcove_2,
          lightli_temple_of_fire, serial_shops, nicolae_shop_advertising_works
          [nicolae_subvault_shop_adworks]
D:5:      layout_loops_ring, temple_statues
D:6:      layout_rooms, mainiacjoe_overflow_surrounded_room,
          gup_sewer_entry_spiral
Temple:   nicolae_temple_slightly_damp_pantheon

Skill      XL: |  1  2  3  4  5  6 |
---------------+-------------------+-----
Ranged Weapons | 4 5 6 |  6.9
Fighting       | 3 4 |  4.0
Dodging        | 2 |  2.0
Stealth        | |  1.5

Action                     |  1- 3 |  4- 6 |  7- 9 || total
---------------------------+-------+-------+-------++-------
   Fire: Shortbow          |    83 |   119 |    33 ||   235
Ability: Spit Poison       |    25 |    42 |     3 ||    70
    Use: Scroll            |     2 |     4 |     4 ||    10
 Armour: Leather armour    |    12 |     7 |       ||    19
         Robe              |       |    19 |     8 ||    27
  Dodge: Dodged            |    19 |    42 |    13 ||    74

Table legend:
 A = Non-vault XP
 B = Vault XP
 C = Vault XP percentage of total XP
 D = Non-vault monster count
 E = Vault monster count
 F = Vault count percentage of total count
                 A         B        C        D         E       F
            +---------+---------+-------+---------+---------+-------
      Total |     703 |      50 |   6.6 |      92 |       3 |   3.2
            +---------+---------+-------+---------+---------+-------
        D:1 |      66 |       0 |   0.0 |      37 |       0 |   0.0
        D:2 |       4 |      13 |  76.5 |       3 |       1 |  25.0
        D:3 |      60 |      37 |  38.1 |      18 |       2 |  10.0
        D:4 |     227 |       0 |   0.0 |      22 |       0 |   0.0
        D:5 |     346 |       0 |   0.0 |      12 |       0 |   0.0
            +---------+---------+-------+---------+---------+-------
